 Dungeon Crawl Stone Soup version 0.28.0-49-g6dfe1f597d (webtiles) character file.

Game seed: 709676253187883565

28 Atelerd the Digger (level 3, -1/21 HPs)
             Began as an Octopode Earth Elementalist on May 14, 2022.
             Succumbed to a kobold's poison
             ... on level 2 of the Dungeon.
             The game lasted 00:00:44 (695 turns).

Atelerd the Digger (Octopode Earth Elementalist)     Turns: 695, Time: 00:00:44

Health: -1/21      AC:  1    Str:  7    XL:     3   Next: 12%
Magic:  3/6        EV: 13    Int: 19    God:
Gold:   55         SH:  0    Dex: 12    Spells: 5/6 levels left

rFire   . . .      SeeInvis .   d - +2 short sword (venom)
rCold   . . .      Faith    .   (no shield)
rNeg    . . .      Spirit   .   (helmet restricted)
rPois   .          Reflect  .   (no amulet)
rElec   .          Harm     .   (no ring)
rCorr   .          Rampage  .   (no ring)
Will    .....                   (no ring)
Stlth   +++.......              (no ring)
HPRegen 0.07/turn               (no ring)
MPRegen 0.10/turn               (no ring)
                                (no ring)
                                (no ring)

@: lethally poisoned (-1 -> -21)
A: almost no armour, amphibious, 8 rings, camouflage 1, gelatinous body 1,
(nimble swimmer 1), tentacles
a: no special abilities


You were on level 2 of the Dungeon.
You visited 1 branch of the dungeon, and saw 2 of its levels.

You collected 55 gold pieces.

Inventory:

Hand Weapons
 c - a +0 dagger
 d - a +2 short sword of venom (weapon)
Missiles
 b - 41 stones
Scrolls
 a - 3 scrolls of blinking {unknown}
 e - a scroll of noise {unknown}
Potions
 f - a potion of degeneration {unknown}
 g - a potion of curing {unknown}
 h - a potion of haste {unknown}
 i - a potion of might {unknown}


   Skills:
 - Level 2.0 Dodging
 - Level 2.6 Stealth
 + Level 2.4 Spellcasting
 + Level 1.8 Transmutations
 + Level 3.4 Earth Magic


You had 5 spell levels left.
You knew the following spells:

 Your Spells              Type           Power      Damage    Failure   Level
a - Sandblast             Erth           30%        2d9       4%          1

Your spell library contained the following spells:

 Spells                   Type           Power      Damage    Failure   Level
 Passwall                 Tmut/Erth      10%        N/A       9%          2
 Stone Arrow              Conj/Erth      16%        3d8       24%         3
 Tukima's Dance           Hex            2%         N/A       43%         3
 Petrify                  Tmut/Erth      12%        N/A       47%         4
 Passage of Golubria      Tloc           2%         N/A       85%         4
 Yara's Violent Unravell  Hex/Tmut       2%         3d3       97%         5


Dungeon Overview and Level Annotations

Branches:
Dungeon (2/15)

Altars:


Innate Abilities, Weirdness & Mutations

You cannot wear most types of armour.
You are amphibious.
You can wear up to eight rings at the same time.
Your skin changes colour to match your surroundings (Stealth+).
Your rubbery body absorbs attacks. (AC +1, EV +1)
((You are camouflaged when in or above water. (Stealth+)))
You have tentacles for arms and can constrict up to eight enemies at once.


Message History

The adder is heavily wounded.
The adder bites you.
You barely miss the adder. Your grab misses the adder.
The adder is almost dead.
You kill the adder!
You have reached level 3!
Your experience leads to an increase in your attributes!
Increase (S)trength, (I)ntelligence, or (D)exterity?
You feel clever. x2
Okay, then.
HP restored.
i - a viscous brown potion A kobold comes into view.
It is wielding a +0 short sword.
A kobold is nearby!
A kobold is nearby!
A kobold is nearby!
A rat comes into view.
The kobold shouts!
You hear a shout!
A kobold comes into view.
It is wielding a +2 short sword of venom.
The blast of sand misses the kobold.
Found a scroll labelled VYRU ITOUFRI.
A bat comes into view.
The bat misses you.
The kobold hits you with a +0 short sword.
The blast of sand hits the bat!
You kill the bat!
The kobold misses you.
You hit the kobold but do no damage.
The kobold is poisoned.
Your grab misses the kobold. The kobold closely misses you.
The kobold hits you with a +2 short sword of venom.
You are lethally poisoned!
The blast of sand hits the kobold but does no damage.
The kobold is moderately wounded.
You feel very sick.
You kill the kobold!
The rat barely misses you.
The kobold hits you with a +2 short sword of venom.
* * * LOW HITPOINT WARNING * * *
You are more poisoned.
You die...

#.......##....
##.....#...###
##............
##.......######
..........##
#...........### #
#..#.....##...# ...
..###....####K#.....
.....##.#.@.)......
..... #...##r#.....
..... #....#?.. ###
##.# ...##...###
.....### ##..# ....#
...# .... ...r ..#
.... ..


You could see a kobold and a rat.

Vanquished Creatures
  An adder (D:2)
  A dart slug (D:1)
  A ball python (D:1)
  2 endoplasms (D:1)
  2 giant cockroaches (D:1)
  3 bats
  2 frilled lizards (D:1)
  4 kobolds
  2 rats (D:1)
18 creatures vanquished.

Notes
Turn   | Place    | Note
-------+----------+-------------------------------------------
     0 | D:1      | Atelerd the Octopode Earth Elementalist began the quest for
                  | the Orb.
     0 | D:1      | Reached XP level 1. HP: 11/11 MP: 3/3
   255 | D:1      | Reached XP level 2. HP: 17/17 MP: 3/5
   582 | D:1      | Found a faded altar of an unknown god.
   675 | D:2      | Reached XP level 3. HP: 20/21 MP: 6/6
   695 | D:2      | Succumbed to a kobold's poison

Illustrated notes

Levels and vault maps discovered:
D:1:      dpeg_arrival_rooms_a, layout_rooms,
          hellmonk_ecumenical_altar_inner_sanctum
D:2:      layout_rooms, serial_shops, nicolae_shop_stone

Action                   || total
-------------------------++-------
Melee: Dagger            ||     3
       Tentacles         ||     3
       Constrict         ||     2
       Short sword       ||     8
 Cast: Sandblast         ||    17
 Stab: Sleeping          ||     2
Dodge: Dodged            ||    13
